 Dungeon Crawl Stone Soup version 0.23.2-1-ga50397a6bc (webtiles) character file.

Game seed: 16093892372936856521

451 Mrkan the Ruffian (level 6, 0/59 HPs)
             Began as a Troll Monk on May 23, 2019.
             Succumbed to a water moccasin's poison
             ... on level 5 of the Dungeon.
             The game lasted 00:05:49 (3314 turns).

Mrkan the Ruffian (Troll Monk)                      Turns: 3314, Time: 00:05:49

Health: 0/59       AC:  6    Str: 20    XL:     6   Next: 75%
Magic:  5/5        EV:  5    Int:  6    God:
Gold:   171        SH: 13    Dex: 14    Spells: 5/5 levels left

rFire    x . .     SeeInvis .     - Unarmed
rCold    + . .     Gourm    +   q - +2 large shield
rNeg     . . .     Faith    .   a - +0 robe
rPois    .         Spirit   .   (helmet restricted)
rElec    .         Reflect  .   (no cloak)
rCorr    .         Harm     .   (gloves unavailable)
MR       .....                  (boots unavailable)
Stlth    +++.......             (no amulet)
HPRegen  0.59/turn              j - ring of ice
MPRegen  0.09/turn              l - ring of stealth

@: lethally poisoned (0 -> -3)
A: large, unfitting armour, claws 3, fast metabolism 3, gourmand, regeneration
1, shaggy fur 1, tough skin 3
a: no special abilities


You were on level 5 of the Dungeon.
You were completely stuffed.

You visited 1 branch of the dungeon, and saw 5 of its levels.

You collected 171 gold pieces.

Inventory:

Hand Weapons
 p - the +5 war axe of the Revolution {chaos, Int+6 Dex+3}
   (You found it on level 4 of the Dungeon)

   Each time it hits an enemy it has a different, random effect.
   It affects your intelligence (+6).
   It affects your dexterity (+3).
Armour
 a - a +0 robe (worn)
 k - a +0 cloak
 q - a +2 large shield (worn)
Jewellery
 j - a ring of ice (left claw)
 l - a ring of stealth (right claw)
 u - an uncursed ring of poison resistance {unknown}
Wands
 i - a wand of digging (5)
Scrolls
 e - a scroll of teleportation
 f - 4 scrolls of identify
 g - a scroll of fog {unknown}
 h - a scroll of blinking {unknown}
 n - 3 scrolls of enchant weapon {unknown}
 o - a scroll of noise {unknown}
 r - a scroll of remove curse {unknown}
 s - a scroll of amnesia {unknown}
 t - a scroll of immolation {unknown}
Potions
 c - a potion of curing
 d - a potion of cancellation {unknown}
 m - 2 potions of mutation {unknown}
Comestibles
 b - 3 rations


   Skills:
 - Level 2.4 Fighting
 - Level 2.4 Dodging
 - Level 1.0 Stealth
 * Level 7.7 Unarmed Combat


You had 5 spell levels left.
You didn't know any spells.
Your spell library was empty.

Dungeon Overview and Level Annotations

Branches:
Dungeon (5/15)
 Temple: D:4-7

Altars:

Shops:
D:4 }}   D:5 *


Innate Abilities, Weirdness & Mutations

You are too large for most types of armour.
You have claws for hands.
Your metabolism is lightning-fast.
You like to eat raw meat.
Your natural rate of healing is unusually fast.
You are covered in fur. (AC +1)
You have extremely tough skin. (AC +3)


Message History

You feel sick.
The water moccasin bites you but does no damage.
The water moccasin bites you.
* * * LOW HITPOINT WARNING * * *
You are lethally poisoned!
The water moccasin poisons you!
It was a potion of curing.
You feel better. The water moccasin bites you.
* * * LOW HITPOINT WARNING * * *
You miss the water moccasin. The water moccasin bites you!
* * * LOW HITPOINT WARNING * * *
You are lethally poisoned!
The water moccasin poisons you!
You closely miss the water moccasin.
* * * LOW HITPOINT WARNING * * *
You feel sick. You block the water moccasin's attack.
The water moccasin bites you.
* * * LOW HITPOINT WARNING * * *
You scratch the water moccasin.
The water moccasin is lightly wounded.
You die...

##### .....
##+## #####
#...# # #.∩.#
#### # #@†.#
#... #.####S##
#.##
#.#....###.#
#.##
#..........#
#.##
###...#########
#.## #...#
##.#####.##
#)#.#
#........##
#...#
##.########
##.## ##.## #


You could see a water moccasin.

Vanquished Creatures
  A crimson imp (D:5)
  A bullfrog zombie (D:5)
  A hound (D:3)
  Crazy Yiuf (D:2)
  2 orc priests (D:5)
  A worker ant (D:4)
  An iguana (D:4)
  7 adders
  5 gnolls
  An ooze (D:1)
  4 worms
  2 dart slugs
  4 leopard geckos
  4 orcs
  A ball python (D:5)
  2 bats
  6 giant cockroaches
  10 goblins
  4 hobgoblins
  6 jackals
  4 frilled lizards
  8 kobolds
  A quokka zombie (D:5)
  11 rats
88 creatures vanquished.

Notes
Turn   | Place    | Note
-------+----------+-------------------------------------------
     0 | D:1      | Mrkan the Troll Monk began the quest for the Orb.
     0 | D:1      | Reached XP level 1. HP: 22/22 MP: 0/0
   171 | D:1      | Reached XP level 2. HP: 27/29 MP: 1/1
   365 | D:1      | Reached skill level 4 in Unarmed Combat
   945 | D:2      | Reached XP level 3. HP: 31/36 MP: 2/2
  1376 | D:2      | Found a runed translucent door.
  1377 | D:2      | Noticed Crazy Yiuf
  1388 | D:2      | Killed Crazy Yiuf
  1388 | D:2      | Reached skill level 5 in Unarmed Combat
  1388 | D:2      | Reached XP level 4. HP: 19/44 MP: 3/3
  1581 | D:3      | Reached XP level 5. HP: 50/50 MP: 4/4
  1849 | D:3      | Reached skill level 6 in Unarmed Combat
  2334 | D:4      | Got a warped war axe
  2336 | D:4      | Identified the +5 war axe of the Revolution {chaos, Int+6
                  | Dex+3} (You found it on level 4 of the Dungeon)
  2666 | D:4      | Found Xoff's Gadget Shop.
  2943 | D:4      | Found Luomibet's Gadget Boutique.
  2996 | D:5      | Entered Level 5 of the Dungeon
  3074 | D:5      | Reached XP level 6. HP: 59/59 MP: 5/5
  3121 | D:5      | Reached skill level 7 in Unarmed Combat
  3293 | D:5      | Found Douc's Serpentskin Sales.
  3293 | D:5      | Noticed a water moccasin
  3313 | D:5      | HP: 1/59 [water moccasin (3)]
  3314 | D:5      | Succumbed to a water moccasin's poison

Skill      XL: |  1  2  3  4  5  6 |
---------------+-------------------+-----
Unarmed Combat | 4 5 6 7 |  7.7
Fighting       | |  2.4
Dodging        | |  2.4
Stealth        | |  1.0

Action                   |  1- 3 |  4- 6 || total
-------------------------+-------+-------++-------
Melee: Unarmed           |   118 |   156 ||   274
       Punch             |     1 |       ||     1
  Use: Scroll            |       |     2 ||     2
       Potion            |       |     1 ||     1
 Stab: Sleeping          |     2 |     2 ||     4
       Distracted        |       |     1 ||     1
  Eat: Chunk             |    18 |    18 ||    36
Armor: Robe              |    44 |    54 ||    98
Dodge: Dodged            |    39 |    49 ||    88
Block: Large shield      |       |    43 ||    43
